 Dungeon Crawl Stone Soup version 0.31-a0-1008-g5b978dac0e (webtiles) character file.

Game seed: 6085316837473639762

86 Revguard the Ruffian (level 4, 0/33 HPs)
             Began as a Demonspawn Shapeshifter on Nov 13, 2023.
             Slain by a gnoll
             ... wielding a +0 club
              (5 damage)
             ... on level 3 of the Dungeon.
             The game lasted 00:05:46 (1672 turns).

Revguard the Ruffian (Demonspawn Shapeshifter)      Turns: 1672, Time: 00:05:47

Health: 0/33       AC:  6    Str: 16    XL:     4   Next: 27%
Magic:  4/4        EV: 11    Int: 11    God:
Gold:   97         SH:  0    Dex: 13    Spells: 3/3 levels left

rFire   . .          .
                       - Unarmed
rCold   . . .        (no shield)
rNeg    . . .        o - +0 ring mail
rPois   .            (helmet currently unavailable)
rElec   .            (cloak currently unavailable)
rCorr   .            (gloves currently unavailable)
SInv    .            (boots currently unavailable)
Will    .....        (no amulet)
Stlth   +            (no ring)
HPRegen 0.25/turn    (no ring)
MPRegen 0.09/turn

%: no passive effects
@: beast-form
A: beast (slay +1), sharp scales 1
a: Begin Untransformation


You were on level 3 of the Dungeon.
You were a hulking beast.
You visited 1 branch of the dungeon, and saw 3 of its levels.

You collected 97 gold pieces.

Inventory:

Missiles
 e - a throwing net
Armour
 a - a +0 animal skin
 o - a +0 ring mail (worn)
Talismans
 c - a beast talisman
 d - a flux talisman
Scrolls
 b - a scroll of teleportation
 j - a scroll of summoning {unknown}
 l - 2 scrolls of poison {unknown}
 m - 2 scrolls of noise {unknown}
 n - a scroll of enchant armour {unknown}
 r - a scroll of fog {unknown}
Potions
 f - a potion of attraction
 g - a potion of lignification
 h - 2 potions of curing
 i - a potion of cancellation {unknown}
 k - a potion of brilliance {unknown}
 p - a potion of degeneration {unknown}
 q - a potion of mutation {unknown}


   Skills:
 * Level 2.0 Fighting
 + Level 1.0 Armour
 + Level 2.3 Dodging
 * Level 3.4 Unarmed Combat
 + Level 3.0 Shapeshifting


You had 3 spell levels left.
You didn't know any spells.
Your spell library contained the following spells:

 Spells                   Type           Power      Damage    Failure   Level
 Apportation              Tloc           0%         N/A       56%         1
 Sandblast                Erth           0%         2d4       56%         1
 Jinxbite                 Hex            0%         N/A       71%         2
 Passwall                 Tmut/Erth      0%         N/A       71%         2
 Stone Arrow              Conj/Erth      0%         3d7       90%         3
 Brom's Barrelling Bould  Conj/Erth      0%         2d3       100%        4
 Alistair's Intoxication  Tmut/Pois      0%         N/A       100%        5


Dungeon Overview and Level Annotations

Branches:
Dungeon (3/15)

Altars:


Innate Abilities, Weirdness & Mutations

You are a hulking beast.
Your limbs bulge with bestial killing power. (Slay +1)
You are partially covered in razor-sharp scales. (AC +1, Slay +1)


Message History

Things that are here:
a +0 club; a goblin corpse
l - 2 scrolls labelled UFIABO SOSHI (gained 1)
You see here a +0 long sword. 4 gnolls come into view.
The gnoll shouts! x4
A kobold comes into view. It is wielding a +0 short sword.
The kobold shouts!
You hit the gnoll.
The gnoll is moderately wounded.
You hit the gnoll but do no damage. The gnoll hits you with a +0 club.
The gnoll misses you.
You barely miss the gnoll. The gnoll hits you but does no damage.
The gnoll closely misses you. x2
You punch the gnoll!
The gnoll is severely wounded.
The gnoll barely misses you. The gnoll hits you but does no damage.
The gnoll closely misses you.
You closely miss the gnoll.
The gnoll is severely wounded.
You hit the gnoll.
The gnoll is severely wounded.
The gnoll barely misses you.
The gnoll hits you from afar with a +0 halberd!
The gnoll hits you with a +0 club.
You hit the gnoll.
The gnoll is severely wounded.
The gnoll hits you with a +0 club. The gnoll barely misses you.
The gnoll closely misses you.
You barely miss the gnoll.
The gnoll is severely wounded.
The gnoll hits you with a +0 club. The gnoll closely misses you. x2
You closely miss the gnoll.
The gnoll is severely wounded.
The gnoll hits you with a +0 club!
* * * LOW HITPOINT WARNING * * *
The gnoll hits you from afar with a +0 halberd.
* * * LOW HITPOINT WARNING * * *
The gnoll hits you with a +0 club.
You die...

##### #.#########.[.#
##.#......##...# .###
...#......''...'
....K####..#......##...#
....gggg#..#......##..[#
#h#..#####.###.†.#
#.#..#####'###...#
#.#..##..........#
#)#.)##.......####
#....##.......'...
####.##.......####
#######.########## #
...........##########
.....................


You could see 4 gnolls and a kobold.

Vanquished Creatures
  Robin (D:2)
  2 adders (D:3)
  A dart slug (D:2)
  An orc (D:2)
  4 bats
  4 endoplasms
  17 goblins
  4 hobgoblins
  2 jackals (D:1)
  2 kobolds
  3 quokkas
  4 ball pythons
  4 frilled lizards
  A rat (D:1)
50 creatures vanquished.

Notes
Turn   | Place    | Note
-------+----------+-------------------------------------------
     0 | D:1      | Revguard the Demonspawn Shapeshifter began the quest for
                  | the Orb.
     0 | D:1      | Reached XP level 1. HP: 15/15 MP: 1/1
   245 | D:1      | Gained mutation: You are partially covered in razor-sharp
                  | scales. (AC +1, Slay +1) [demonic ancestry]
   245 | D:1      | Reached XP level 2. HP: 17/21 MP: 2/2
   792 | D:2      | Noticed Robin
   806 | D:2      | Killed Robin
   807 | D:2      | Reached XP level 3. HP: 27/27 MP: 3/3
  1582 | D:3      | Reached skill level 1 in Armour
  1582 | D:3      | Reached XP level 4. HP: 33/33 MP: 4/4
  1672 | D:3      | Slain by a gnoll

Illustrated notes

Levels and vault maps discovered:
D:1:      amcnicky_arrival_single_pillar, layout_loops_cross,
          minmay_stone_trees_small
D:2:      layout_loops_ring, minmay_misc_feat_enclosed, minmay_bisected,
          uniq_robin
D:3:      layout_basic, nemelex_dance_club_becter

Skill      XL: |  1  2  3 |
---------------+----------+-----
Dodging        | 2 |  2.3
Unarmed Combat | 3 |  3.4
Shapeshifting  | 3 |  3.0
Fighting       | 2 |  2.0
Armour         | 1 |  1.0

Action                     |  1- 3 |  4- 6 || total
---------------------------+-------+-------++-------
  Melee: Unarmed           |   133 |    22 ||   155
         Punch             |       |     1 ||     1
    Use: Potion            |     1 |       ||     1
         Scroll            |     3 |       ||     3
   Stab: Sleeping          |     2 |       ||     2
 Armour: Animal skin       |    55 |       ||    55
         Skin              |    13 |       ||    13
         Ring mail         |     5 |    18 ||    23
  Dodge: Dodged            |    80 |    17 ||    97

Table legend: (Time is in decaauts)
 A = Elapsed time spent in this place.
 B = Non-inter-level travel time spent in this place.
 C = Inter-level travel time spent in this place.
 D = Time resting spent in this place.
 E = Time spent auto-exploring this place.
 F = Levels seen in this place.
 G = Mean time per level.
                   A        B        C        D        E       F      G
               +--------+--------+--------+--------+--------+-----+--------+
         Total |   1664 |   1608 |     56 |     13 |   1133 |   3 |  554.7 |
       Dungeon |   1664 |   1608 |     56 |     13 |   1133 |   3 |  554.7 |
               +--------+--------+--------+--------+--------+-----+--------+

Top non-repeatable levels by time:
     D:1: 768 daAuts
     D:2: 649 daAuts
     D:3: 246 daAuts
